 Dungeon Crawl Stone Soup version 0.20.1-1-g8b1a95d (webtiles) character file.

53 masayah the Shooter (level 3, -2/29 HPs)
             Began as a Centaur Hunter on Nov 6, 2017.
             Slain by a gnoll
             ... wielding a +0 whip
              (7 damage)
             ... on level 2 of the Dungeon.
             The game lasted 00:06:21 (1001 turns).

masayah the Shooter (Centaur Hunter)                Turns: 1001, Time: 00:06:21

Health: -2/29      AC:  5    Str: 14    XL:     3   Next: 62%
Magic:  3/3        EV:  9    Int: 10    God:
Gold:   60         SH:  0    Dex: 10    Spells: 2/2 levels left

rFire    . . .     SeeInvis .   b - +0 short sword
rCold    . . .     Gourm    .   (no shield)
rNeg     . . .     Faith    .   c - +0 leather armour
rPois    .         Spirit   .   g - +0 helmet
rElec    .         Reflect  .   (no cloak)
rCorr    .         Harm     .   (no gloves)
MR       .....                  (no barding)
Stlth    +.........             (no amulet)
Regen    0.1/turn               (no ring)
MPRegen  0.1/turn               (no ring)

@: very quick
A: hooves 3, deformed body, speed 2, tough skin 3
a: no special abilities


You were on level 2 of the Dungeon.
You were not hungry.

You visited 1 branch of the dungeon, and saw 2 of its levels.

You collected 60 gold pieces.

Inventory:

Hand Weapons
 a - a +1 shortbow
 b - a +0 short sword (weapon)
Armour
 c - a +0 leather armour (worn)
 g - a +0 helmet (worn)
Scrolls
 h - a scroll of enchant armour {unknown}
 k - 3 scrolls of magic mapping {unknown}
 l - a scroll of random uselessness {unknown}
 m - a scroll of fog {unknown}
 n - 2 scrolls of fear {unknown}
Potions
 e - a potion of cancellation {unknown}
 j - a potion of curing {unknown}
 p - a potion of invisibility {unknown}
 q - a potion of flight {unknown}
Comestibles
 f - a bread ration
 o - a fruit


   Skills:
 - Level 2.0 Fighting
 + Level 5.7 Bows
 - Level 0.1 Armour
 + Level 1.8 Dodging
 * Level 1.6 Stealth


You had 2 spell levels left.
You didn't know any spells.

Dungeon Overview and Level Annotations

Branches:
Dungeon (2/15)

Altars:
Ashenzari


Innate Abilities, Weirdness & Mutations

You have hooves in place of feet.
Armour fits poorly on your strangely shaped body.
You cover ground very quickly.
You have extremely tough skin. (AC +3)


Message History

The gnoll is severely wounded.
The gnoll hits you with a whip!
Firing (i - inventory):
d - an arrow (quivered)
Press: ? - help, Shift-Dir - straight line, f/p - gnoll
Aim: a gnoll, wielding a whip (severely wounded)
You shoot an arrow. The arrow closely misses the gnoll.
The gnoll completely misses you.
Firing (i - inventory): No suitable missiles.
Press: ? - help, Shift-Dir - straight line, f - you, p - gnoll
Okay, then.
No missiles available.
Use F to throw any item.
b - a +0 short sword (weapon)
You closely miss the gnoll. Your kick misses the gnoll.
The gnoll is severely wounded.
The gnoll hits you with a whip!
* * * LOW HITPOINT WARNING * * *
You hit the gnoll but do no damage. You kick the gnoll, but do no damage.
The gnoll is severely wounded.
The gnoll hits you with a whip!
You die...

########### .........
....# ##.......## ....#
##..♣...♣..## ##....
#...........# .....
#.....♣.....# ...#
#..<)....<[.# ...
#..)..♣.....#####.###(##
#...........#..@g((((.(.
##..♣...♣..##.####.##.##
####.......###.#### .#
.........+........# #
.....#...###†.....#
.....#...# #......#
.....#...# #......#
...).#...# #......#
########## #......#


You could see a gnoll.

Vanquished Creatures
  2 gnolls (D:2)
  2 dart slugs (D:1)
  4 bats
  2 giant cockroaches (D:1)
  3 goblins (D:1)
  6 hobgoblins
  A frilled lizard (D:1)
  3 kobolds (D:1)
  8 rats
31 creatures vanquished.

Notes
Turn   | Place    | Note
-------+----------+-------------------------------------------
     0 | D:1      | masayah the Centaur Hunter began the quest for the Orb.
     0 | D:1      | Reached XP level 1. HP: 17/17 MP: 1/1
    96 | D:1      | Found a shattered altar of Ashenzari.
   126 | D:1      | Reached XP level 2. HP: 24/24 MP: 2/2
   168 | D:1      | Reached skill level 1 in Stealth
   709 | D:1      | Reached XP level 3. HP: 29/29 MP: 3/3
  1001 | D:2      | Slain by a gnoll

Skill      XL: |  1  2 |
---------------+-------+-----
Stealth        | 1 |  1.6
Fighting       | |  2.0
Bows           | |  5.7
Armour         | |  0.1
Dodging        | |  1.8

Action                   || total
-------------------------++-------
Melee: Short sword       ||     2
       Kick              ||     1
 Fire: Shortbow          ||    81
Armor: Leather armour    ||     9
Dodge: Dodged            ||     9
